 Dungeon Sprint DCSS version 0.04.2-19-ga012a504bd (webtiles) character file.

Game seed: 7977237404393735934, levelgen mode: deterministic

1417 diana the Thaumaturge (level 8, -17/41 HPs) Deep Elf Venom Mage. Began on May 23, 2021. Was an Elder of Vehumet. Shot with a boulder by a cyclops (46 damage) ... in the Dungeon (Sprint V: "Ziggurat Sprint"). The game lasted 00:04:44 (620 turns).

diana the Thaumaturge (Deep Elf Venom Mage)          Turns: 620, Time: 00:04:45

Health: -17/41     AC:  7    Str:  8    XL:     8 ^: 773
Magic:  31/33      EV: 21    Int: 39    God:    Vehumet [4* [114]]
Gold:   0          SH:  0    Dex: 15    Spells: 25/33 levels left

rFire    . . .     Vision   .   D - +6 Majin-Bo {vampiric, corrupt archmagi; MP+6 Int+6}
rCold    . . .     Gourm    .   (no weapon)
rNeg     . . .     Faith    .   a - +0 robe
rPois    +         Spirit   .   (no helmet)
rElec    .         Reflect  .   I - +2 cloak {rPois}
rCorr    .         Harm     .   J - +1 pair of gloves {Str+3}
MR       .....     NoTele   +   (no boots)
Stlth    ++........             (no amulet)
HPRegen  0.23/turn              w - ring of intelligence
MPRegen  0.43/turn              v - ring of intelligence

@: no status effects
A: no striking features
a: Renounce Religion


You were in the Dungeon.
You worshipped Vehumet.
Vehumet was greatly pleased with you.
You were not hungry.

You visited 1 branch

Inventory:

Weapons
 E - the +7 great mace "Firestarter" {inner flame, rF++}
   (You found it in the Dungeon)

   Its malleable surface is completely molten, allowing it to meld around and
   partially ignore armour.
   Causes less base damage than a standard weapon; but partially ignores enemy's
   defense and burns causing additional damage to those that don't resist heat.
   It greatly protects you from fire.
   Shields
 H - a +3 heater shield of protection
Armour
 a - a +0 robe (worn)
 C - the +15 Maxwell's patent armour {-Cast -Tele rElec MR+ rCorr}
   (You found it in the Dungeon)

   It insulates you from electricity.
   It affects your resistance to hostile enchantments.
   It prevents spellcasting.
   It prevents most forms of teleportation.
   It provides partial protection from all sources of acid and corrosion.
 I - a +2 cloak of poison resistance (worn)
 J - a +1 pair of gloves of strength (worn)
 M - the +9 scales of the Dragon King {rPois rF+ rC+ MR+}
   (You found it in the Dungeon)

   It protects you from fire.
   It protects you from cold.
   It protects you from poison.
   It affects your resistance to hostile enchantments.
Magical Staves
 D - the +6 Majin-Bo (weapon) {vampiric, corrupt archmagi; MP+6 Int+6}
   (You found it in the Dungeon)

   [staff of ]

   Base accuracy: +5 Base damage: 5 Base attack delay: 1.2 This weapon's minimum
   attack delay (0.6) is reached at skill level 12.
   The minimum and maximum damage of damaging spells cast with this staff are
   significantly increased.
   It falls into the 'Staves' category.
   It is one handed.
   Its enchantment grants additive spellpower to the spells it enhances.
 L - a +5 scoped staff of air
Jewellery
 l - an uncursed amulet of harm
 t - an uncursed ring of dexterity
 u - an uncursed ring of dexterity
 v - a ring of intelligence (right hand)
 w - a ring of intelligence (left hand)
 x - an uncursed ring of strength
 y - an uncursed ring of strength
 G - an uncursed ring of strength
Wands
 z - a wand of disintegration (7)
 A - a wand of iceblast (6)
 B - a wand of acid (7)
Scrolls
 i - 4 scrolls of blinking
 o - 4 scrolls of amnesia
 p - 7 scrolls of fog
 q - a scroll of holy word
 r - 5 scrolls of bless item
 s - 2 scrolls of fear
Potions
 b - 2 potions of brilliance
 d - 10 potions of curing
 e - 7 potions of heal wounds
 f - 6 potions of haste
 g - 7 potions of magic
 h - 2 potions of berserk rage
 j - 2 potions of invisibility
 k - 4 potions of resistance
 m - 5 potions of agility
 n - 5 potions of might
Miscellaneous
 F - a crystal ball of energy
Comestibles
 c - 6 rations
 K - 5 chunks of flesh


   Skills:
 + Level 6.5 Maces & Staves
 + Level 12.1 Dodging
 - Level 2.4 Stealth
 + Level 13.2 Spellcasting
 + Level 5.5 Air Magic
 - Level 10.0 Poison Magic


You had 25 spell levels left.
You knew the following spells:

 Your Spells              Type           Power        Failure   Level  Hunger
a - Poisonous Vapours     Pois/Air       50 (50)      1%          1    None
b - Olgreb's Toxic Radia  Pois           100 (100)    1%          4    None
c - Mephitic Cloud        Pois/Air       100 (100)    1%          3    None

Your spell library contained the following spells:

 Spells                   Type           Power        Failure   Level  Hunger
 Foxfire                  Fire           25 (25)      1%          1    None
 Shock                    Air            25 (25)      1%          1    None
 Sting                    Pois           25 (25)      1%          2    None
 Throw Frost              Ice            50 (50)      1%          2    None
 Ignite Poison            Fire/Tmut      56 (100)     1%          3    None
 Stone Arrow              Erth           50 (50)      1%          3    None
 Lee's Rapid Deconstruct  Erth           56 (200)     11%         5    None
 Haunt                    Necr/Summ      56 (200)     100%        7    ####...
 Borgnjor's Revivificati  Necr           56 (200)     100%        8    ######.
 Death's Door             Chrm/Necr      56 (200)     100%        8    ######.
 Necromutation            Tmut/Necr      56 (200)     100%        8    ######.


Dungeon Overview and Level Annotations

Branches:
Dungeon (1/1)

Altars:
Ashenzari
Cheibriados
Dithmenos
Elyvilon
Fedhas Madash
Gozag Ym Sagoz
Hepliaklqana
Kikubaaqudgha
Makhleb
Nemelex Xobeh
Okawaru
Qazlal
Ru
Sif Muna
Trog
Uskayaw
Vehumet
Wu Jian
Xom
Yredelemnul
Zin
The Shining One Bahamut & Tiamat
Beogh
Jiyva
Lugonu


Message History

Unknown command.
Casting: Olgreb's Toxic Radiance (safe; 1% risk of failure)
Confirm with . or Enter, or press ? or * to list all spells.
Okay, then.
The yaktaur looks even sicker.
The yaktaur cries out in fear of your magic.
The cyclops looks even sicker.
You kill the centaur!
Vehumet accepts your kill.
You feel your power returning.
The cyclops looks even sicker.
You blow up the centaur!
Vehumet accepts your kill.
Your toxic aura wanes.
The yaktaur wields a +0 arbalest.
The yaktaur shoots a bolt.
The bolt closely misses you (0).
The cyclops wields a cursed +1 mangonel of molten steel {(Curse: Fragile)}.
The surface melts into red hot liquid metal!
The cyclops hurls a boulder.
The boulder crushes you (46)!!!
Ouch! That really hurt!
You die...

▓..}})..▓
▓..}cC..▓
▓.cC.)..▓
▓.......▓
▓.....%.▓
▓.......▓
▓.▓.%.▓%▓
▓...©@.%▓
▓▓▓▓▓▓▓▓▓


You could see 2 cyclopes, a yaktaur and a centaur.

Vanquished Creatures
  A rime drake (D)
  An ancient zyme (D)
  An air elemental (D)
  A swamp drake (D)
  A floating eye (D)
  2 porcupines (D)
  An eye of draining (D)
  2 centaurs (D)
  An iron imp (D)
  An ufetubus (D)
  2 oozes (D)
  3 jackals (D)
  2 spatial vortices (D)
19 creatures vanquished.

Vanquished Creatures (others)
  3 insubstantial wisps (D)
3 creatures vanquished.

Grand Total: 22 creatures vanquished

Notes
Turn   | Place    | Note
-------+----------+-------------------------------------------
     0 | D        | diana the Deep Elf Venom Mage began the quest for the Orb.
     0 | D        | Reached XP level 1. HP: 10/10 MP: 6/6
     0 | D        | Found a shimmering blue altar of Sif Muna.
     0 | D        | Found a sacrificial altar of Ru.
     0 | D        | Found a bloodstained altar of Trog.
     0 | D        | Found a stormy altar of Qazlal.
     0 | D        | Found an iron altar of Okawaru.
     0 | D        | Found a sparkling altar of Nemelex Xobeh.
     0 | D        | Found a blossoming altar of Fedhas.
     1 | D        | Found the +6 Majin-Bo {vampiric, corrupt archmagi; MP+6
                  | Int+6}
     1 | D        | Found the +9 ballista "Sniper" {velocity, Acc+∞ +Vis}
     1 | D        | Found the +10 dark maul {crush}
     1 | D        | Found the +15 Maxwell's patent armour {-Cast -Tele rElec
                  | MR+ rCorr}
     1 | D        | Found the +18 shield of the Gong {rElec rN+ MR+ EV-5}
     1 | D        | Found the +14 obsidian axe {chop, +Fly +Vis Soulbond}
     1 | D        | Found the +7 great mace "Firestarter" {inner flame, rF++}
     1 | D        | Found the +6 shillelagh "Devastator" {shatter}
     1 | D        | Found the +11 plutonium sword {*Contam Stlth-}
     1 | D        | Found the +8 lance "Wyrmbane" {slay drac, rPois rF+ rC+
                  | AC+3}
     1 | D        | Found the +9 sword of Zonguldrok {reap}
     1 | D        | Found the +13 scythe of Curses {drain, Soulbond}
     1 | D        | Found the +0 sword of Power
     1 | D        | Found the +7 mace of Variability {chain chaos}
     1 | D        | Found the +7 Singing Sword {slice, sonic wave}
     1 | D        | Found the +8 storm bow {elec, penet}
     2 | D        | Found a transporter.
     2 | D        | Found an ancient bone altar of Kikubaaqudgha.
     2 | D        | Found a viscous altar of Jiyva.
     2 | D        | Found a corrupted altar of Lugonu.
     2 | D        | Found a hazy altar of Hepliaklqana.
     2 | D        | Found a burning altar of Makhleb.
     2 | D        | Found an opulent altar of Gozag.
    47 | D        | Became a worshipper of Vehumet
    49 | D        | Reached skill level 5 in Spellcasting
    49 | D        | Reached skill level 5 in Poison Magic
    49 | D        | Reached XP level 2. HP: 15/15 MP: 6/10
    76 | D        | Entered arena 2.
    76 | D        | Noticed a swamp drake
    76 | D        | Noticed a rime drake
    76 | D        | Found a transporter.
    82 | D        | Killed a swamp drake
    82 | D        | Reached skill level 7 in Spellcasting
    82 | D        | Reached XP level 3. HP: 19/19 MP: 11/14
    82 | D        | Reached XP level 4. HP: 24/24 MP: 11/15
    87 | D        | Killed a rime drake
    87 | D        | Reached skill level 10 in Spellcasting
    87 | D        | Reached XP level 5. HP: 20/28 MP: 13/20
    87 | D        | Reached XP level 6. HP: 23/32 MP: 13/21
   130 | D        | Entered arena 3.
   130 | D        | Noticed an ancient zyme
   130 | D        | Found a transporter.
   136 | D        | Killed an ancient zyme
   136 | D        | Reached * piety under Vehumet
   136 | D        | Offered knowledge of Foxfire by Vehumet.
   136 | D        | Reached skill level 10 in Dodging
   136 | D        | Reached skill level 11 in Spellcasting
   136 | D        | Reached skill level 10 in Poison Magic
   136 | D        | Reached XP level 7. HP: 35/36 MP: 21/23
   143 | D        | Reached ** piety under Vehumet
   207 | D        | Learned a level 4 spell: Olgreb's Toxic Radiance
   230 | D        | Learned a level 3 spell: Mephitic Cloud
   263 | D        | Entered arena 4.
   263 | D        | Found a transporter.
   264 | D        | Offered knowledge of Shock by Vehumet.
   265 | D        | Offered knowledge of Throw Frost by Vehumet.
   266 | D        | Reached *** piety under Vehumet
   266 | D        | Reached skill level 12 in Spellcasting
   374 | D        | Entered arena 5.
   374 | D        | Noticed an air elemental
   374 | D        | Found a transporter.
   377 | D        | Reached skill level 5 in Maces & Staves
   379 | D        | Killed an air elemental
   379 | D        | Reached XP level 8. HP: 33/41 MP: 24/26
   448 | D        | Entered arena 6.
   448 | D        | Found a transporter.
   449 | D        | Found the +9 scales of the Dragon King {rPois rF+ rC+ MR+}
   449 | D        | Offered knowledge of Stone Arrow by Vehumet.
   449 | D        | Reached **** piety under Vehumet
   449 | D        | Reached skill level 13 in Spellcasting
   449 | D        | Reached skill level 5 in Air Magic
   449 | D        | Offered knowledge of Lee's Rapid Deconstruction by Vehumet.
   618 | D        | Entered arena 7.
   618 | D        | Noticed a yaktaur
   620 | D        | Shot with a boulder by a cyclops

Levels and vault maps discovered:
D:        sprint_v [room_start, room_1, room_2, room_3, room_4, room_5, room_6,
          room_7, room_8, room_9, room_10, room_11, room_12, room_13, room_14,
          room_15, room_16, room_17, room_18, room_19, room_20, room_21,
          room_22, room_23, room_24, room_25, room_26, room_27]

Skill      XL: |  1  2  3  4  5  6  7  8 |
---------------+-------------------------+-----
Maces & Staves | 3 5 6 |  6.5
Dodging        | 4 6 9 10 11 12 | 12.1
Spellcasting   | 5 7 10 11 12 13 | 13.2
Poison Magic   | 5 6 9 10 | 10.0
Air Magic      | 4 5 |  5.5
Stealth        | |  2.4

Action                   |  1- 3 |  4- 6 |  7- 9 || total
-------------------------+-------+-------+-------++-------
Melee: Great mace        |     2 |     4 |     1 ||     7
       Staff             |       |       |     4 ||     4
       Unarmed           |       |       |     4 ||     4
 Cast: Olgreb's Toxic Ra |       |       |     9 ||     9
Evoke: Wand              |       |       |     1 ||     1
  Use: Potion            |     1 |     2 |     2 ||     5
 Stab: Invisible         |       |       |     1 ||     1
  Eat: Ration            |       |       |     1 ||     1
Armor: Plate armour      |     1 |     6 |     2 ||     9
Dodge: Dodged            |     1 |    14 |     8 ||    23
